 Dungeon Crawl Stone Soup version 0.20.1-2-g1830e616b0 (webtiles) character file.

177 Alfie the Shooter (level 5, -3/40 HPs)
             Began as a Human Hunter on Jan 22, 2020.
             Slain by an ogre
             ... wielding a +0 giant spiked club
              (14 damage)
             ... on level 4 of the Dungeon.
             The game lasted 00:08:29 (1533 turns).

Alfie the Shooter (Human Hunter)                    Turns: 1533, Time: 00:08:30

Health: -3/40      AC:  5    Str: 13    XL:     5   Next: 88%
Magic:  5/5        EV: 12    Int: 16    God:
Gold:   185        SH:  0    Dex: 14    Spells: 4/4 levels left

rFire    . . .     SeeInvis .   a - +1 shortbow
rCold    . . .     Gourm    .   (shield currently unavailable)
rNeg     . . .     Faith    .   c - +2 leather armour
rPois    .         Spirit   .   (no helmet)
rElec    .         Reflect  .   (no cloak)
rCorr    .         Harm     .   (no gloves)
MR       .....                  (no boots)
Stlth    +.........             (no amulet)
Regen    0.2/turn               g - +5 ring of intelligence
MPRegen  0.1/turn               (no ring)

@: no status effects
A: no striking features
a: no special abilities


You were on level 4 of the Dungeon.
You were not hungry.

You visited 1 branch of the dungeon, and saw 4 of its levels.

You collected 185 gold pieces.

Inventory:

Hand Weapons
 a - a +1 shortbow (weapon)
 b - a +1 short sword
Missiles
 d - 57 arrows (quivered)
 o - 12 poisoned needles
Armour
 c - a +2 leather armour (worn)
Jewellery
 g - a +5 ring of intelligence (left hand)
Wands
 m - a wand of acid (4/15)
Scrolls
 l - a scroll of remove curse
Potions
 e - a potion of curing
 f - a potion of might {unknown}
 i - 2 potions of mutation {unknown}
 j - a potion of experience
 k - a potion of flight {unknown}
 n - a potion of invisibility {unknown}
Comestibles
 h - a bread ration


   Skills:
 + Level 2.9 Fighting
 + Level 6.1 Bows
 + Level 0.8 Armour
 + Level 2.0 Dodging
 + Level 1.1 Stealth


You had 4 spell levels left.
You didn't know any spells.

Dungeon Overview and Level Annotations

Branches:
Dungeon (4/15)
 Temple: D:4-7

Altars:

Annotations:
D:3 Sigmund


Message History

You shoot an arrow. The arrow hits the ogre.
The ogre is severely wounded.
The ogre barely misses you.
Firing (i - inventory):
d - 60 arrows (quivered)
Press: ? - help, Shift-Dir - straight line, f/p - ogre
Aim: an ogre, wielding a giant spiked club (severely wounded)
You shoot an arrow. The arrow completely misses the ogre.
Firing (i - inventory):
d - 59 arrows (quivered)
Press: ? - help, Shift-Dir - straight line, f/p - ogre
Aim: an ogre, wielding a giant spiked club (severely wounded)
You shoot an arrow.
The arrow hits the ogre but does no damage.
The ogre is severely wounded.
The ogre closely misses you.
Firing (i - inventory):
d - 58 arrows (quivered)
Press: ? - help, Shift-Dir - straight line, f/p - ogre
Aim: an ogre, wielding a giant spiked club (severely wounded)
You shoot an arrow. The arrow barely misses the ogre.
The ogre hits you with a giant spiked club!
You die...

##..#####.# #...†)....#
#...########## #...# ..
#...###### (.
#........# (#
.###...####.##.#
..............#O##.#.#
..............@.......
...............####.###
#..###..>####.## ...
#.......†# #.
#...###### #...# ....
.#.


You could see an ogre.

Vanquished Creatures
  3 orc wizards (D:3)
  An adder (D:3)
  An ooze (D:2)
  An adder skeleton (D:4)
  4 dart slugs
  2 leopard geckos (D:2)
  8 orcs (D:3)
  5 bats
  2 giant cockroaches
  6 goblins
  5 hobgoblins
  6 jackals
  2 kobolds
  A ball python (D:4)
  3 frilled lizards
  12 rats
62 creatures vanquished.

Notes
Turn   | Place    | Note
-------+----------+-------------------------------------------
     0 | D:1      | Alfie the Human Hunter began the quest for the Orb.
     0 | D:1      | Reached XP level 1. HP: 16/16 MP: 1/1
   282 | D:1      | Reached XP level 2. HP: 22/22 MP: 2/2
   410 | D:1      | Reached XP level 3. HP: 28/28 MP: 3/3
   983 | D:2      | Found a faded altar of an unknown god.
  1029 | D:2      | Reached skill level 5 in Bows
  1029 | D:2      | Reached XP level 4. HP: 32/34 MP: 4/4
  1254 | D:3      | Reached XP level 5. HP: 34/39 MP: 5/5
  1400 | D:3      | Reached skill level 6 in Bows
  1406 | D:3      | Noticed Sigmund
  1520 | D:4      | Noticed an ogre
  1533 | D:4      | Slain by an ogre

Skill      XL: |  1  2  3  4  5 |
---------------+----------------+-----
Bows           | 5 6 |  6.1
Fighting       | |  2.9
Armour         | |  0.8
Dodging        | |  2.0
Stealth        | |  1.1

Action                   |  1- 3 |  4- 6 || total
-------------------------+-------+-------++-------
 Fire: Shortbow          |   117 |    84 ||   201
  Use: Scroll            |     6 |     4 ||    10
       Potion            |       |     1 ||     1
  Eat: Bread ration      |       |     1 ||     1
Armor: Leather armour    |     8 |     2 ||    10
Dodge: Dodged            |    23 |    23 ||    46
